 Dungeon Crawl Stone Soup version 0.31.0-12-g77e489cdc1 (webtiles) character file.

Game seed: 1603257688671962937

598 lonewolfV2 the Trooper (level 7, -5/59 HPs)
             Began as a Formicid Fighter on Feb 14, 2024.
             Was an Initiate of Qazlal.
             Killed by divine providence
             ... invoked by an orc priest
              (9 damage)
             ... on level 5 of the Dungeon.
             The game lasted 00:08:40 (4705 turns).

lonewolfV2 the Trooper (Formicid Fighter)           Turns: 4705, Time: 00:08:40

Health: -5/59      AC: 15    Str: 21    XL:     7   Next: 68%
Magic:  0/7        EV:  9    Int:  7    God:    Qazlal [......]
Gold:   273        SH:  5    Dex: 15    Spells: 6/6 levels left

rFire   + . .        s - +0 battleaxe
rCold   + + .        c - +0 buckler
rNeg    . . .        b - +0 scale mail
rPois   +            (helmet unavailable)
rElec   +            k - +2 cloak {rCorr}
rCorr   +            (no gloves)
SInv    +            (no boots)
Will    .....        p - amulet of guardian spirit Stlth
                     m - +4 ring of protection
HPRegen 0.29/turn    (no ring)
MPRegen 0.10/turn

%: clarity, guardian spirit
@: resistant
A: permanent stasis, dig shafts and tunnels, antennae 3, four strong arms,
clarity, cold resistance 1
a: Dig, Shaft Self, Renounce Religion


You were on level 5 of the Dungeon.
You worshipped Qazlal.
Qazlal was noncommittal.
You visited 2 branches of the dungeon, and saw 6 of its levels.

You collected 273 gold pieces.

Inventory:

Hand Weapons
 s - a +0 battleaxe (weapon)
Armour
 b - a +0 scale mail (worn)
 c - a +0 buckler (worn)
 k - a +2 cloak of preservation (worn)
Jewellery
 a - a +6 ring of intelligence
 l - an amulet of the acrobat
 m - a +4 ring of protection (left hand)
 p - an amulet of guardian spirit (around neck)
 t - a ring of fire
Wands
 j - a wand of polymorph (11)
Scrolls
 e - a scroll of noise
Potions
 d - 2 potions of haste
 f - 2 potions of experience
 g - a potion of resistance
 h - 4 potions of lignification
 i - a potion of mutation
 n - a potion of degeneration {unknown}
 o - a potion of curing {unknown}
 q - a potion of enlightenment {unknown}


   Skills:
 + Level 6.8 Fighting
 - Level 2.0 Axes
 + Level 6.8 Armour
 - Level 4.0 Shields


You had 6 spell levels left.
You didn't know any spells.
Your spell library contained the following spells:

 Spells                   Type           Power      Damage    Failure   Level
 Slow                     Hex            0%         N/A       80%         1
 Summon Small Mammal      Summ           0%         N/A       80%         1
 Lesser Beckoning         Tloc           0%         N/A       91%         2
 Momentum Strike          Conj/Tloc      0%         3d8       91%         2
 Static Discharge         Conj/Air       0%         3-3/arc   91%         2
 Call Canine Familiar     Summ           0%         N/A       99%         3
 Confusing Touch          Hex            0%         N/A       99%         3
 Sigil of Binding         Hex            0%         N/A       99%         3
 Vampiric Draining        Necr           0%         2d6       99%         3
 Airstrike                Air            0%         2d(0-16)  100%        4
 Summon Blazeheart Golem  Fire/Summ      0%         N/A       100%        4
 Summon Lightning Spire   Summ/Air       0%         N/A       100%        4
 Blink                    Tloc           Unusable   N/A       N/A         2

Dungeon Overview and Level Annotations

Branches:
Dungeon (5/15)             Temple (1/1) D:4

Altars:
Ashenzari
Cheibriados
Dithmenos
Elyvilon
Fedhas
Gozag
Kikubaaqudgha
Makhleb
Nemelex Xobeh
Okawaru
Qazlal
Ru
Sif Muna
Trog
Uskayaw
Vehumet
Wu Jian
Xom
Yredelemnul
Zin
The Shining One

Shops:
D:3 !


Innate Abilities, Weirdness & Mutations

You cannot be hasted, slowed, berserked, paralysed or teleported.
You can dig through walls and to a lower floor.
You have a pair of large antennae on your head. (SInv)
Your four strong arms can wield two-handed weapons with a shield.
You possess an exceptional clarity of mind.
Your flesh is cold resistant. (rC+)


Message History

The boomerang barely misses the orc wizard. x2
The boomerang hits you but does no damage.
The iguana closely misses you. The orc wizard casts a spell at you.
The puff of flame hits you but does no damage.
You closely miss the orc wizard.
The orc wizard is almost dead.
You hit the iguana. The iguana closely misses you.
The orc wizard points at you and mumbles some strange words.
You block the puff of flame.
The orc throws a boomerang.
The boomerang closely misses the orc wizard.
The boomerang hits the orc wizard.
The orc wizard dies!
The orc wizard gestures at you while chanting.
The puff of flame hits you but does no damage.
The iguana bites you.
You hit the iguana but do no damage.
The iguana is severely wounded.
The iguana barely misses you.
The orc priest calls down the wrath of Beogh upon you.
Beogh smites you!
The orc throws a boomerang.
The boomerang barely misses the orc wizard.
The boomerang hits you. The iguana barely misses you.
The orc priest calls down the wrath of Beogh upon you.
Beogh smites you!
* * * LOW HITPOINT WARNING * * *
You block the orc wizard's attack.
You barely miss the iguana.
The iguana is severely wounded.
You slash the orc wizard! The iguana bites you.
* * * LOW HITPOINT WARNING * * *
The orc wizard hits you with a +0 dagger.
* * * LOW HITPOINT WARNING * * *
Unknown command.
It was a potion of resistance.
You feel protected. The iguana closely misses you.
The orc priest calls down the wrath of Beogh upon you.
Beogh smites you!
You die...

#..# #............
#..# #......B.....
#..# #....$.......
#..# #...........
##..#######..|.......
.........####.######.
##...###..###{# #.#.#
#....o##### #.#.##
#....ooo@l# ##.#..#
#..######....#
#..##.# #.##
####..... ..###.# #.#
#..# .## #.###.# .#
.# #.....# .# ####..#
.# #..# ## ####


You could see an iguana, an orc priest, an orc wizard (invisible) and 2 orcs.

Vanquished Creatures
  An ogre (D:4)
  A scorpion (D:4)
  2 hounds
  Crazy Yiuf (D:2)
  An iguana (D:5)
  2 sleepcaps
  Natasha (D:2)
  2 orc wizards
  Robin (D:2)
  3 gnolls (D:4)
  4 adders
  3 dart slugs
  10 orcs
  5 bats
  6 endoplasms
  2 giant cockroaches
  12 hobgoblins
  11 jackals
  9 ball pythons
  A frilled lizard (D:3)
  23 goblins
  6 kobolds
  10 rats
117 creatures vanquished.

Vanquished Creatures (others)
  An orc wizard (D:5)
1 creature vanquished.

Grand Total: 118 creatures vanquished

Notes
Turn   | Place    | Note
-------+----------+-------------------------------------------
     0 | D:1      | lonewolfV2 the Formicid Fighter began the quest for the
                  | Orb.
     0 | D:1      | Reached XP level 1. HP: 18/18 MP: 1/1
   103 | D:1      | Reached XP level 2. HP: 24/24 MP: 2/2
   562 | D:1      | Reached XP level 3. HP: 28/30 MP: 3/3
  1102 | D:2      | Noticed Robin
  1121 | D:2      | Reached XP level 4. HP: 8/37 MP: 4/4
  1122 | D:2      | Killed Robin
  2002 | D:2      | Identified the +6 sling of Gunucyli {drain, ^Contam Will+++
                  | rCorr MP+9}
  2241 | D:2      | Found a runed translucent door.
  2242 | D:2      | Noticed Crazy Yiuf
  2310 | D:2      | Noticed Natasha
  2314 | D:2      | Killed Natasha
  2315 | D:2      | Reached XP level 5. HP: 43/43 MP: 5/5
  2485 | D:2      | Killed Crazy Yiuf
  2486 | D:2      | Reached skill level 5 in Fighting
  2486 | D:2      | Reached skill level 5 in Armour
  2789 | D:3      | Found a glowing silver altar of Zin.
  3015 | D:3      | Found Jocha's Distillery.
  3234 | D:3      | Found a broken altar of Ashenzari.
  3249 | D:3      | Found an ancient bone altar of Kikubaaqudgha.
  3250 | D:3      | Found a shimmering blue altar of Sif Muna.
  3250 | D:3      | Found an iron altar of Okawaru.
  3258 | D:3      | Found an ornate altar of the Wu Jian Council.
  3260 | D:3      | Found a shadowy altar of Dithmenos.
  3313 | D:3      | Reached XP level 6. HP: 51/51 MP: 6/6
  3702 | D:4      | Noticed an ogre
  3710 | D:4      | Killed an ogre
  3711 | D:4      | Reached XP level 7. HP: 16/58 MP: 2/7
  3876 | D:4      | Identified the +4 short sword of Integrity {antimagic, Fly
                  | Str-4 Dex-4 SInv}
  3962 | D:4      | Found a staircase to the Ecumenical Temple.
  4255 | Temple   | Entered the Ecumenical Temple
  4267 | Temple   | Became a worshipper of Qazlal Stormbringer
  4542 | D:5      | Entered Level 5 of the Dungeon
  4572 | D:5      | Gained mutation: You are vulnerable to heat. (rF-) [potion
                  | of mutation]
  4572 | D:5      | Gained mutation: Your flesh is cold resistant. (rC+)
                  | [potion of mutation]
  4572 | D:5      | Gained mutation: Your movements are slightly less
                  | encumbered by armour. (ER -2) [potion of mutation]
  4573 | D:5      | Lost mutation: You are vulnerable to heat. (rF-) [potion of
                  | mutation]
  4573 | D:5      | Lost mutation: Your movements are slightly less encumbered
                  | by armour. (ER -2) [potion of mutation]
  4573 | D:5      | Gained mutation: You possess an exceptional clarity of
                  | mind. [potion of mutation]
  4705 | D:5      | Killed from afar by an orc priest

Illustrated notes

Levels and vault maps discovered:
D:1:      minmay_arrival_stone_box, layout_basic
D:2:      layout_loops_corners, uniq_natasha, uniq_crazy_yiuf_cottage,
          uniq_robin
D:3:      cheibrodos_greedy_goblins, layout_loops_cross, minitemple,
          mainiacjoe_overflow_six_doors_small, serial_shops, shop
D:4:      layout_cave_pools, minmay_temple_entry_butterflies,
          minmay_misc_feat_cross, due_unseen_surprise
D:5:      layout_rooms, gup_sewer_entry_spiral
Temple:   dpeg_chambers_temple

Skill      XL: |  1  2  3  4  5  6 |
---------------+-------------------+-----
Armour         | 4 5 6 |  6.8
Fighting       | 4 5 6 |  6.8
Axes           | |  2.0
Shields        | |  4.0

Action                     |  1- 3 |  4- 6 |  7- 9 || total
---------------------------+-------+-------+-------++-------
  Melee: War axe           |    81 |   156 |       ||   237
         Battleaxe         |       |       |    64 ||    64
Ability: Dig               |       |       |     1 ||     1
    Use: Potion            |     1 |       |     3 ||     4
         Scroll            |       |     6 |     2 ||     8
 Armour: Scale mail        |    58 |   130 |    96 ||   284
  Dodge: Dodged            |    50 |    81 |    61 ||   192
  Block: Buckler           |    28 |    39 |    34 ||   101
